 Dungeon Crawl Stone Soup version 0.31-a0-819-gf6de2f5ab6 (webtiles) character file.

Game seed: 15751448296412914690

154 qw the Shooter (level 5, -2/32 HPs)
             Began as a Gargoyle Hunter on Sept 23, 2023.
             Slain by an orc priest
             ... wielding a +0 club
              (4 damage)
             ... on level 3 of the Dungeon.
             The game lasted 00:00:44 (1887 turns).

qw the Shooter (Gargoyle Hunter)                    Turns: 1887, Time: 00:00:45

Health: -2/32      AC: 10    Str: 15    XL:     5   Next: 36%
Magic:  5/5        EV: 11    Int:  9    God:
Gold:   107        SH:  0    Dex: 15    Spells: 4/4 levels left

rFire   . . .        Y - +0 shortbow
rCold   . . .        (shield currently unavailable)
rNeg    + . .        f - +0 ring mail
rPois   inf          (no helmet)
rElec   +            (no cloak)
rCorr   .            a - +0 pair of gloves
SInv    +            (no boots)
Will    .....        (no amulet)
Stlth   +            g - ring of see invisible
HPRegen 0.25/turn    (no ring)
MPRegen 0.09/turn

%: no passive effects
@: no status effects
A: sickness immunity, AC +4, negative energy resistance 1, electricity
resistance, torment resistance 1, petrification resistance
a: no special abilities


You were on level 3 of the Dungeon.
You visited 1 branch of the dungeon, and saw 3 of its levels.

You collected 107 gold pieces.


Innate Abilities, Weirdness & Mutations

You are immune to sickness and miasma.
Your stone body is resilient. (AC +4)
You are immune to poison.
You resist negative energy. (rN+)
You are resistant to electric shocks. (rElec)
You are resistant to unholy torment.
You are immune to petrification.


   Skills:
 + Level 3.0 Fighting
 - Level 6.0 Ranged Weapons
 - Level 1.3 Armour
 - Level 1.5 Dodging
 - Level 1.1 Stealth


You had 4 spell levels left.
You didn't know any spells.
Your spell library was empty.

Inventory:

Hand Weapons
 Y - a +0 shortbow (weapon)
Armour
 a - a +0 pair of gloves (worn)
 f - a +0 ring mail (worn)
Jewellery
 e - an amulet of guardian spirit
 g - a ring of see invisible (left hand)
Scrolls
 b - a scroll of identify
Potions
 c - a potion of cancellation {unknown}
 d - a potion of enlightenment
 h - a potion of heal wounds {unknown}

Dungeon Overview and Level Annotations

Branches:
Dungeon (3/15)

Altars:
Ru

Shops:
D:1 =


Message History

1863 ||| FLEEEEING.
1864 ||| FLEEEEING.
1865 ||| FLEEEEING.
1866 ||| FLEEEEING.
1867 ||| STILL FLEEEEING.
1868 ||| STILL FLEEEEING.
1869 ||| STILL FLEEEEING.
1870 ||| STILL FLEEEEING.
1871 ||| STILL FLEEEEING.
1872 ||| STILL FLEEEEING.
1873 ||| STILL FLEEEEING.
1874 ||| STILL FLEEEEING.
1875 ||| STILL FLEEEEING.
You start resting.
An orc priest is nearby!
You shoot an arrow.
The arrow hits the orc priest but does no damage.
You shoot an arrow.
The arrow closely misses the orc priest.
You shoot an arrow. The arrow barely misses the orc priest.
The orc priest hits you but does no damage.
You shoot an arrow. The arrow hits the orc priest!
The orc priest is heavily wounded.
The orc priest looks braver for a moment.
You shoot an arrow.
The arrow closely misses the orc priest.
The orc priest hits you with a +0 club.
You shoot an arrow.
The arrow hits the orc priest but does no damage.
The orc priest is heavily wounded.
The orc priest closely misses you.
The orc priest hits you but does no damage.
You shoot an arrow. The arrow barely misses the orc priest.
The orc priest mumbles some strange prayers to Beogh against you.
Pain shoots through your body!
You shoot an arrow.
The arrow hits the orc priest but does no damage.
The orc priest is heavily wounded.
The orc priest hits you with a +0 club.
You die...

#
#.%......####.............
#.#.##)########
#.##.......###
#.............#
#.##.......###
#...##.######.##
#.##..........
.......(.)......#
#.##.......###
.#...##.######..#
#.##.......... .... #.#
#..# #.##.......##. .>.
..######..##...##.....###.
.#
###.......@............###.
..#####o###...##.....##.. #
#.# .####...##... #.## ..
...# #).. #..# # #.## ##.#
#.# #.# #.# #.# #.##
#.########.####.%.


You could see an orc priest.

Vanquished Creatures
  An iguana (D:3)
  4 gnolls (D:3)
  3 adders (D:2)
  2 worms
  2 dart slugs
  4 orcs (D:3)
  4 ball pythons
  3 bats
  4 endoplasms
  5 goblins
  6 hobgoblins
  5 kobolds
  3 quokkas (D:1)
  A frilled lizard (D:2)
  4 rats
51 creatures vanquished.

Notes
Turn   | Place    | Note
-------+----------+-------------------------------------------
     0 | D:1      | qw the Gargoyle Hunter began the quest for the Orb.
     0 | D:1      | Reached XP level 1. HP: 12/12 MP: 1/1
     0 | D:1      | 0 ||| qw: Version: 0.3-a-83-gcd0e7d8
     0 | D:1      | 0 ||| qw: Game counter: 1672
     0 | D:1      | 0 ||| qw: Melee chars always use a shield: true
     0 | D:1      | 0 ||| qw: God list: Okawaru
     0 | D:1      | 0 ||| qw: Allow faded altars: false
     0 | D:1      | 0 ||| qw: Do Orc after clearing Dungeon:15 true
     0 | D:1      | 0 ||| qw: Do second Lair branch before Depths: true
     0 | D:1      | 0 ||| qw: Lair rune preference: random
     0 | D:1      | 0 ||| qw: Goals: Normal
     0 | D:1      | 0 ||| PLANNING D:1-11
    87 | D:1      | Reached XP level 2. HP: 17/17 MP: 2/2
   162 | D:1      | Found Wuich's Jewellery Emporium.
   163 | D:1      | 163 ||| READING scroll labelled CEMEIT HEATOSO.
   164 | D:1      | 164 ||| DROPPING scroll of butterflies.
   175 | D:1      | 175 ||| SHOPLISTING +6 ring of strength (504 gold, have
                  | 37).
   175 | D:1      | 175 ||| SHOPLISTING amulet of regeneration (420 gold, have
                  | 37).
   175 | D:1      | 175 ||| SHOPLISTING ring of fire (350 gold, have 37).
   175 | D:1      | 175 ||| SHOPLISTING ring of positive energy (280 gold, have
                  | 37).
   175 | D:1      | 175 ||| SHOPLISTING ring of see invisible (210 gold, have
                  | 37).
   417 | D:1      | Reached XP level 3. HP: 21/21 MP: 3/3
   648 | D:1      | 648 ||| UPGRADING to +0 pair of gloves.
   704 | D:2      | Reached skill level 5 in Ranged Weapons
   937 | D:2      | 937 ||| DROPPING +1 heavy sling.
  1024 | D:2      | Reached skill level 3 in Fighting
  1036 | D:2      | Reached XP level 4. HP: 28/28 MP: 4/4
  1529 | D:2      | 1529 ||| UPGRADING to +0 ring mail.
  1539 | D:2      | 1539 ||| DROPPING +0 leather armour.
  1540 | D:2      | 1540 ||| UPGRADING to ring of see invisible.
  1541 | D:2      | 1541 ||| READING scroll labelled XUUL TURETAIZO.
  1542 | D:2      | 1542 ||| READING 2 scrolls of identify.
  1542 | D:2      | 1542 ||| IDENTIFYING golden potion
  1572 | D:3      | 1572 ||| PLANNING SEWER
  1591 | D:3      | Found a sacrificial altar of Ru.
  1612 | D:3      | Identified the +2 war axe "Loroemud" {vamp, rF+}
  1695 | D:3      | 1695 ||| RETREEAATING.
  1700 | D:3      | Reached skill level 1 in Armour
  1711 | D:3      | Reached XP level 5. HP: 32/32 MP: 5/5
  1779 | D:3      | Reached skill level 6 in Ranged Weapons
  1860 | D:3      | 1860 ||| FLEEEEING.
  1861 | D:3      | 1861 ||| FLEEEEING.
  1861 | D:3      | HP: 3/32 [orc priest/divine providence (14)]
  1862 | D:3      | 1862 ||| FLEEEEING.
  1863 | D:3      | 1863 ||| FLEEEEING.
  1864 | D:3      | 1864 ||| FLEEEEING.
  1865 | D:3      | 1865 ||| FLEEEEING.
  1866 | D:3      | 1866 ||| FLEEEEING.
  1884 | D:3      | HP: 8/32 [orc priest/+0 club (1)]
  1886 | D:3      | HP: 1/32 [orc priest/nerve-wracking pain (7)]
  1887 | D:3      | Slain by an orc priest

Levels and vault maps discovered:
D:1:      dpeg_arrival_fog, layout_loops_ring, serial_shops, shop_statue,
          minmay_tetromino_o4
D:2:      layout_basic, nicolae_kite_square_tiling_tiny
D:3:      layout_loops_ring, mainiacjoe_overflow_tiny_flanked,
          cheibrodos_sewer_entry_drain, chequers_ecumenical_altar_simple,
          nicolae_underground_beach

Skill      XL: |  1  2  3  4  5 |
---------------+----------------+-----
Ranged Weapons | 5 6 |  6.0
Fighting       | 3 |  3.0
Armour         | 1 |  1.3
Dodging        | |  1.5
Stealth        | |  1.1

Action                     |  1- 3 |  4- 6 || total
---------------------------+-------+-------++-------
   Fire: Shortbow          |   114 |    77 ||   191
    Use: Scroll            |     1 |     2 ||     3
 Armour: Leather armour    |    20 |       ||    20
         Ring mail         |       |    21 ||    21
  Dodge: Dodged            |    25 |    10 ||    35

Table legend:
 A = Non-vault XP
 B = Vault XP
 C = Vault XP percentage of total XP
 D = Non-vault monster count
 E = Vault monster count
 F = Vault count percentage of total count
                 A         B        C        D         E       F
            +---------+---------+-------+---------+---------+-------
      Total |     208 |      13 |   5.9 |      46 |       5 |   9.8
            +---------+---------+-------+---------+---------+-------
        D:1 |      28 |       8 |  22.2 |      16 |       4 |  20.0
        D:2 |      66 |       0 |   0.0 |      17 |       0 |   0.0
        D:3 |     114 |       5 |   4.2 |      13 |       1 |   7.1
            +---------+---------+-------+---------+---------+-------
